Map: Triton LE

Players

Harrybo

  • Race: Zerg Zerg
  • League: Master
  • Spawn Location: 5:00

Mez - Winner!

  • Race: Terran Terran
  • League: Master
  • Spawn Location: 11:00

VOD

Have the link to the VOD?

Description

Time

  • Played on: Aug. 22, 2019, 7:48 a.m.
  • Length: 14:36
Show
View Real Time Build Order
Export as new Build Order

Harrybo Zerg 

Build Orders: Hatch First, Brood Lord Corruptor, Muta Ling Bane 

Get SALT Encoding   

  12  0:00  Drone  
  13  0:12  Overlord  
  13  0:18  Drone  
  14  0:30  Drone x2  
  14  0:34  Drone  
  17  0:53  Hatchery  
  17  0:56  Drone  
  17  0:57  Drone  
  18  1:06  Extractor  
  17  1:13  Spawning Pool  
  17  1:16  Drone  
  17  1:19  Drone  
  18  1:32  Drone  
  19  1:42  Drone  
  20  1:51  Drone  
  21  2:04  Queen x2  
  25  2:16  Hatchery  
  25  2:18  Metabolic Boost  
  25  2:22  Overlord  
  24  2:25  Zergling x2  
  25  2:30  Zergling x2  
  25  2:35  Spine Crawler  
  25  2:39  Drone  
  26  2:53  Drone x2  
  26  2:54  Drone x3  
  31  3:00  Overlord  
  31  3:09  Drone x2  
  33  3:33  Drone x8  
  41  3:41  Baneling Nest  
  40  3:53  Overlord x2  
  40  4:01  Lair  
  40  4:10  Drone x3  
  40  4:11  Extractor  
  40  4:13  Drone x3  
  40  4:14  Extractor  
  44  4:21  Zergling x8  
  44  4:22  Zergling x4  
  49  4:30  Spine Crawler  
  49  4:31  Drone x2  
  50  4:32  Zergling x4  
  52  4:39  Evolution Chamber  
  52  4:42  Drone  
  52  4:44  Baneling x5, Evolution Chamber  
  52  4:45  Baneling x2  
  51  4:49  Queen  
  53  5:01  Spire  
  52  5:07  Zerg Melee Weapons Level 1  
  52  5:08  Drone  
  52  5:09  Drone x4  
  52  5:10  Extractor  
  56  5:22  Zerg Ground Armor Level 1  
  56  5:24  Overlord x2  
  56  5:25  Overlord  
  56  5:39  Centrifical Hooks  
  55  5:53  Zergling x8  
  55  5:54  Zergling x18  
  68  6:14  Zerg Flyer Weapons Level 1, Drone  
  68  6:15  Overlord x2, Drone x2  
  71  6:22  Mutalisk x3  
  71  6:25  Mutalisk  
  78  6:43  Drone x7  
  78  6:44  Drone  
  86  6:47  Extractor  
  86  6:48  Extractor  
  86  6:50  Spine Crawler  
  83  6:59  Mutalisk x3, Zergling x2  
  82  7:10  Drone x2  
  82  7:12  Mutalisk  
  82  7:14  Mutalisk  
  88  7:17  Zergling x12  
  94  7:24  Zergling x2  
  94  7:29  Baneling x2  
  95  7:38  Spine Crawler  
  89  8:09  Infestation Pit  
  88  8:16  Zergling x20  
  88  8:17  Zergling x2  
  95  8:26  Hatchery  
  94  8:27  Overlord  
  94  8:37  Hatchery  
  93  8:47  Baneling  
  93  8:48  Baneling x13  
  93  8:56  Hive  
  93  8:57  Overlord x3  
  93  8:58  Zergling x2  
  93  8:59  Zergling x22  
  105  9:15  Drone x4  
  105  9:16  Drone x4  
  113  9:33  Zerg Melee Weapons Level 2, Hatchery  
  113  9:34  Zerg Ground Armor Level 2  
  112  9:43  Drone x3  
  116  10:06  Burrow  
  116  10:07  Overlord x5  
  116  10:13  Greater Spire  
  116  10:19  Corruptor x4  
  116  10:20  Corruptor x2  
  127  10:32  Zergling x2  
  127  10:33  Zergling x20  
  106  11:01  Zergling x2  
  106  11:02  Zergling x16  
  111  11:07  Baneling x6  
  111  11:24  Brood Lord x6  
  122  11:41  Corruptor x3  
  128  11:51  Hatchery  
  127  11:57  Zerg Flyer Weapons Level 2  
  120  12:40  Overseer  
  114  12:52  Corruptor x4  
  114  12:53  Corruptor  
  118  12:59  Drone x2  
  118  13:00  Adrenal Glands  
  120  13:06  Drone x5  
  120  13:10  Drone x4  
  129  13:17  Brood Lord x2  
  132  13:30  Brood Lord x2  
  132  13:31  Brood Lord  
  99  13:44  Zergling x2  
  99  13:45  Zergling x32  
  99  13:46  Zergling x2  
  70  14:31  Ultralisk Cavern  
Show
View Real Time Build Order
Export as new Build Order

Mez Terran - Winner!

Build Orders: Reaper Expand 

Get SALT Encoding   

  12  0:00  SCV  
  13  0:12  SCV  
  14  0:17  Supply Depot  
  14  0:25  SCV  
  15  0:39  SCV  
  15  0:41  Barracks  
  16  0:45  Refinery  
  16  0:51  SCV  
  17  1:05  SCV  
  18  1:19  SCV  
  19  1:28  Reaper  
  19  1:32  Orbital Command  
  20  1:41  Command Center  
  20  1:52  Supply Depot  
  20  1:58  SCV  
  20  2:00  Marine  
  22  2:12  SCV  
  23  2:16  Factory  
  23  2:21  Refinery  
  24  2:24  Barracks Reactor  
  24  2:29  SCV  
  24  2:41  SCV  
  25  2:55  SCV, Orbital Command  
  26  3:03  Starport  
  26  3:08  SCV  
  26  3:09  Hellion x2  
  26  3:10  Barracks Tech Lab  
  31  3:14  Supply Depot  
  31  3:20  SCV  
  31  3:21  SCV  
  33  3:32  SCV  
  38  3:34  Hellion x2  
  38  3:39  SCV  
  39  3:41  Viking  
  39  3:43  Marine, Stimpack  
  39  3:47  Supply Depot  
  42  3:50  SCV  
  42  3:51  SCV  
  44  4:02  SCV  
  44  4:04  SCV  
  44  4:07  Barracks  
  45  4:10  Barracks  
  45  4:11  Factory Reactor  
  45  4:24  Command Center  
  45  4:26  SCV x2  
  45  4:29  Marine  
  48  4:34  Supply Depot  
  48  4:38  SCV x2  
  48  4:41  Starport Reactor  
  52  4:52  SCV x2  
  52  4:54  Marine x3  
  55  5:05  SCV x2  
  55  5:06  Engineering Bay  
  57  5:07  Factory Reactor, Engineering Bay  
  57  5:08  Marine x2  
  57  5:11  Marine  
  57  5:12  Marine x2  
  62  5:22  Medivac x2  
  62  5:25  SCV x2  
  62  5:28  Factory Tech Lab  
  68  5:31  Refinery  
  68  5:32  Refinery  
  68  5:33  Marine, Terran Infantry Armor Level 1, Terran Infantry Weapons Level 1  
  68  5:34  Marine  
  70  5:35  Marine x3  
  73  5:43  Supply Depot  
  73  5:46  Supply Depot  
  73  5:48  SCV x2  
  75  5:51  Marine  
  75  5:56  Marine x3  
  75  5:57  Marine  
  80  6:04  Orbital Command  
  80  6:05  SCV x2  
  80  6:09  Marine  
  83  6:14  Marine x3  
  83  6:15  Barracks  
  83  6:16  Barracks, Combat Shield  
  86  6:19  Siege Tank  
  86  6:20  Supply Depot x2  
  89  6:31  Marine x2  
  89  6:32  Marine  
  92  6:33  SCV x2  
  94  6:44  Marine x2  
  94  6:46  Medivac x2  
  100  6:49  Marine x2  
  100  6:50  Marine  
  100  6:51  Siege Tank, SCV x3  
  109  7:00  Missile Turret  
  107  7:03  SCV x2  
  107  7:04  Missile Turret  
  107  7:05  Barracks Reactor x2  
  107  7:07  Missile Turret  
  107  7:11  Armory  
  103  7:19  Marine  
  103  7:20  Marine x4  
  108  7:29  Siege Tank  
  111  7:30  SCV x3  
  114  7:37  Marine  
  114  7:42  SCV  
  113  7:54  Marine  
  113  7:55  Marine x6  
  113  7:56  Marine x2  
  110  7:59  Terran Infantry Armor Level 2, Terran Infantry Weapons Level 2  
  110  8:00  Factory  
  110  8:04  Supply Depot  
  110  8:05  Supply Depot  
  104  8:11  Thor  
  104  8:12  Marine  
  111  8:28  Marine x3  
  111  8:29  Marine x2, Refinery  
  111  8:30  Refinery  
  116  8:34  Marine x3, Command Center  
  116  8:39  Terran Vehicle Weapons Level 1  
  119  8:43  Marine  
  119  8:46  Marine x3  
  121  8:56  Refinery  
  121  8:58  SCV x3  
  124  9:05  Marine x2, Supply Depot x2  
  124  9:06  Supply Depot  
  124  9:07  Marine x6  
  124  9:08  Supply Depot x2  
  132  9:10  SCV  
  133  9:17  Factory Reactor  
  133  9:19  Drilling Claws  
  133  9:27  SCV x3, Thor  
  133  9:28  Marine x7  
  149  9:54  Medivac x2  
  149  9:59  Supply Depot x2  
  152  10:01  Widow Mine x2  
  152  10:04  Supply Depot  
  152  10:05  Supply Depot  
  152  10:06  Planetary Fortress  
  156  10:10  Widow Mine  
  156  10:11  SCV x2  
  160  10:17  Missile Turret  
  160  10:30  Marine  
  160  10:31  Marine x7  
  168  10:36  SCV  
  168  10:37  Barracks x3, SCV x2  
  171  10:49  SCV  
  125  10:59  Marine x8  
  125  11:00  Marine  
  125  11:01  Widow Mine x2  
  125  11:02  Widow Mine  
  125  11:03  Medivac x2  
  135  11:12  SCV x2  
  135  11:14  Command Center  
  135  11:17  Marine x5  
  140  11:34  Marine  
  140  11:35  Marine x3, Barracks Tech Lab  
  140  11:36  Barracks Tech Lab  
  140  11:37  Barracks Reactor  
  144  11:41  Starport  
  144  11:43  Starport, Terran Infantry Armor Level 3, Terran Infantry Weapons Level 3  
  144  11:46  Terran Vehicle Weapons Level 2, Starport  
  144  11:47  Thor  
  144  11:48  Widow Mine x2  
  144  11:50  Fusion Core  
  144  11:51  Refinery  
  144  11:52  Refinery  
  154  12:14  Marine x5  
  154  12:15  Marine x3, Marauder x3  
  168  12:16  Marine  
  168  12:19  Starport Reactor  
  168  12:20  Starport Reactor  
  168  12:22  Starport Tech Lab  
  164  12:37  Marine x6  
  164  12:38  Marine x4  
  164  12:42  Viking x3  
  176  12:53  Marine  
  176  12:54  Marine x2  
  173  13:05  Viking  
  173  13:06  Viking x3  
  173  13:08  Marine, Command Center  
  173  13:09  Marine x8  
  173  13:11  Viking  
  173  13:12  Viking x2  
  196  13:25  Marine x4  
  200  13:27  Marine  
  192  13:37  Marine x8  
  183  13:43  Marine x3  
  176  13:48  Viking x2  
  176  13:49  Marine, Viking x4  
  178  14:08  Widow Mine  
  178  14:09  Widow Mine  
Tags
 
Add a new tag
Caveats
  • Supply blocks, unpowered buildings, or Contaminate may cause inaccurate times.
  • Supply counts are checked every 10 seconds.